 Dungeon Sprint DCSS version 0.19.1 (webtiles) character file.

2587 dvd the Severer (level 9, -2/96 HPs)
             Began as a Minotaur Berserker on Dec 21, 2016.
             Was an Elder of Trog.
             Slain by a demonic crawler (10 damage)
             ... in the Dungeon (Sprint I: "Red Sonja").
             The game lasted 00:06:06 (1400 turns).

dvd the Severer (Minotaur Berserker)                Turns: 1400, Time: 00:06:08

Health: -2/96      AC:  9    Str: 22    XL:     9   Next: 32%
Magic:  17/17      EV: 17    Int:  4    God:    Trog [****..]
Gold:   342        SH:  0    Dex: 13    Spells: 0 memorised, 8 levels left

rFire  . . .     SeeInvis .     a - +0 hand axe
rCold  . . .     Gourm    .     k - +3 leather armour of the Morning {MP+9}
rNeg   . . .     Faith    .     (no shield)
rPois  +         Spirit   .     (helmet restricted)
rElec  .         Reflect  .     c - +1 cloak {rPois}
rCorr  .         Harm     .     (no gloves)
MR     ++...     NoTele   +     (no boots)
Stlth  ++........               (no amulet)
                                (no ring)
                                (no ring)

@: exhausted, regenerating, slowed, very slow
A: retaliatory headbutt, horns 2
a: Berserk, Trog's Hand, Brothers in Arms, Burn Spellbooks, Renounce Religion


You were in the Dungeon.
You worshipped Trog.
Trog was greatly pleased with you.
You were not hungry.

You visited 1 branch You collected 844 gold pieces.
You spent 502 gold pieces at shops.

Inventory:

Hand Weapons
 a - a +0 hand axe (weapon)
Armour
 c - a +1 cloak of poison resistance (worn)
 k - the +3 leather armour of the Morning (worn) {MP+9}
   (You bought it in a shop in the Dungeon)

   It affects your magic capacity (+9).
Wands
 n - a wand of digging (9/24)
Scrolls
 e - a scroll of recharging {unknown}
 i - a scroll of blinking
 m - a scroll of identify {unknown}
Potions
 d - 6 potions of curing
 f - a potion of haste
 g - 2 potions of magic
 h - a potion of berserk rage


   Skills:
 + Level 14.3 Fighting
 + Level 15.8 Axes
 + Level 8.3 Armour
 + Level 9.7 Dodging
 + Level 3.0 Stealth


You had 8 spell levels left.
You didn't know any spells.

Dungeon Overview and Level Annotations

Branches:
Dungeon (1/1)

Altars:
Cheibriados
Dithmenos
Elyvilon
Fedhas
Gozag
Hepliaklqana
Kikubaaqudgha
Makhleb
Nemelex Xobeh
Okawaru
Qazlal
Ru
Sif Muna
Trog
Uskayaw
Vehumet
Xom
Yredelemnul
Zin
The Shining One
Jiyva
Lugonu

Shops:
D *[[


Innate Abilities, Weirdness & Mutations

You reflexively headbutt those who attack you in melee.
You have a pair of horns on your head.


Message History

You feel much better. The demonic crawler closely misses you.
The demonic crawler hits you.
* * * LOW HITPOINT WARNING * * *
The demonic crawler hits you!
* * * LOW HITPOINT WARNING * * *
The demonic crawler misses you. You furiously retaliate!
You headbutt the demonic crawler. The demonic crawler barely misses you.
The demonic crawler hits you.
* * * LOW HITPOINT WARNING * * *
You feel better. The demonic crawler hits you.
* * * LOW HITPOINT WARNING * * *
The demonic crawler closely misses you. The demonic crawler barely misses you.
Unknown command.
Your skin crawls.
You feel resistant to hostile enchantments.
You feel somewhat more hungry. The demonic crawler closely misses you.
You furiously retaliate!
You headbutt the demonic crawler!
The demonic crawler completely misses you.
The demonic crawler hits you!
You die...

#################
#..'..#__#))'...#
').#..'..'..#...##+#
#####'#__####...@s.#
#...#.#### #####..+
#..##.# +## ##'#..+
.'..._# ##_.#'##+###
###(#.#...[###
###(####'###.##
.'...'.....'.∩#


You could see a demonic crawler.

Vanquished Creatures
  A deep troll (D)
  2 kobold demonologists (D)
  3 demonic crawlers (D)
  A slime creature (D)
  Sigmund (D)
  A yak (D)
  A floating eye (D)
  An ogre (D)
  A jelly (D)
  Ijyb (D)
  2 ballistomycetes (D)
15 creatures vanquished.

Vanquished Creatures (others)
  Sonja (D)
  A gargoyle (D)
  2 ballistomycete spores (D)
4 creatures vanquished.

Grand Total: 19 creatures vanquished

Notes
Turn   | Place    | Note
-------+----------+-------------------------------------------
     0 | D        | dvd the Minotaur Berserker began the quest for the Orb.
     0 | D        | Reached XP level 1. HP: 19/19 MP: 0/0
     1 | D        | Noticed Ijyb
    18 | D        | Killed Ijyb
    18 | D        | Reached skill level 5 in Fighting
    18 | D        | Reached skill level 5 in Axes
    18 | D        | Reached XP level 2. HP: 23/29 MP: 1/1
    84 | D        | Noticed an ogre
    87 | D        | Killed an ogre
    87 | D        | Reached skill level 8 in Axes
    87 | D        | Reached XP level 3. HP: 40/40 MP: 2/2
    87 | D        | Reached XP level 4. HP: 48/48 MP: 3/3
   120 | D        | Noticed Sigmund
   127 | D        | Killed Sigmund
   127 | D        | Reached ** piety under Trog
   127 | D        | Reached skill level 10 in Axes
   127 | D        | Reached skill level 5 in Dodging
   127 | D        | Reached XP level 5. HP: 58/58 MP: 4/4
   127 | D        | Reached XP level 6. HP: 66/66 MP: 5/5
   163 | D        | Found a deep blue altar of Sif Muna.
   165 | D        | Found a radiant altar of Vehumet.
   176 | D        | Reached skill level 5 in Armour
   396 | D        | Killed a gargoyle
   462 | D        | Found Gouqec's Antique Armour Emporium.
   462 | D        | Found an ancient bone altar of Kikubaaqudgha.
   462 | D        | Found a hazy altar of Hepliaklqana.
   462 | D        | Found a hide-covered altar of Uskayaw.
   462 | D        | Found a basalt altar of Yredelemnul.
   462 | D        | Found an opulent altar of Gozag.
   462 | D        | Found a snail-covered altar of Cheibriados.
   462 | D        | Found a sacrificial altar of Ru.
   462 | D        | Found a shadowy altar of Dithmenos.
   462 | D        | Noticed a yak
   469 | D        | Killed a yak
   469 | D        | Reached skill level 10 in Fighting
   469 | D        | Reached skill level 11 in Axes
   469 | D        | Reached skill level 1 in Stealth
   470 | D        | Found a stormy altar of Qazlal.
   470 | D        | Found a blossoming altar of Fedhas.
   470 | D        | Found a bloodstained altar of Trog.
   470 | D        | Found an iron altar of Okawaru.
   470 | D        | Found a glowing golden altar of the Shining One.
   470 | D        | Found a glowing silver altar of Zin.
   470 | D        | Found a white marble altar of Elyvilon.
   471 | D        | Found a sparkling altar of Nemelex Xobeh.
   475 | D        | Bought a smelly leather armour for 175 gold pieces
   485 | D        | Identified the +3 leather armour of the Morning {MP+9} (You bought it in a shop in the Dungeon)
   609 | D        | Found a burning altar of Makhleb.
   609 | D        | Found a viscous altar of Jiyva.
   609 | D        | Found a shimmering altar of Xom.
   609 | D        | Found a corrupted altar of Lugonu.
   609 | D        | Noticed a slime creature
   622 | D        | Killed a slime creature
   622 | D        | Reached *** piety under Trog
   622 | D        | Reached skill level 12 in Axes
   622 | D        | Reached XP level 7. HP: 44/74 MP: 6/6
   665 | D        | Noticed Sonja
   692 | D        | Bought a glowing cloak for 262 gold pieces
   930 | D        | Noticed a deep troll
   938 | D        | Killed a deep troll
   938 | D        | Reached skill level 13 in Axes
   938 | D        | Reached XP level 8. HP: 75/85 MP: 7/7
   948 | D        | Found Assesy's Armour Emporium.
   960 | D        | Killed Sonja
   960 | D        | Reached skill level 14 in Axes
  1231 | D        | Found Tak Zuu's General Store.
  1239 | D        | Bought a potion of heal wounds for 65 gold pieces
  1264 | D        | Noticed a kobold demonologist
  1270 | D        | Noticed a kobold demonologist
  1274 | D        | Paralysed by a floating eye for 3 turns
  1287 | D        | Noticed a soul eater
  1293 | D        | Killed a kobold demonologist
  1296 | D        | Noticed a sixfirhy
  1303 | D        | Killed a kobold demonologist
  1303 | D        | Reached **** piety under Trog
  1303 | D        | Reached skill level 15 in Axes
  1370 | D        | Noticed a demonic crawler
  1370 | D        | Noticed a demonic crawler
  1370 | D        | Noticed a demonic crawler
  1370 | D        | Noticed a demonic crawler
  1375 | D        | Killed a demonic crawler
  1375 | D        | Reached XP level 9. HP: 94/94 MP: 8/8
  1377 | D        | Killed a demonic crawler
  1389 | D        | Killed a demonic crawler
  1400 | D        | Slain by a demonic crawler

Skill      XL: |  1  2  3  4  5  6  7  8  9 |
---------------+----------------------------+-----
Fighting       | 5 7 9 11 12 13 14 | 14.3
Axes           | 5 8 10 12 13 15 | 15.8
Armour         | 3 4 5 6 7 8 |  8.3
Dodging        | 3 4 5 6 7 9 |  9.7
Stealth        | 1 2 3 |  3.0

Action                   |  1- 3 |  4- 6 |  7- 9 || total
-------------------------+-------+-------+-------++-------
Melee: Hand axe          |    18 |    31 |    66 ||   115
       Headbutt          |     3 |    10 |    21 ||    34
Invok: Berserk           |     1 |     1 |     3 ||     5
       Trog's Hand       |       |       |     3 ||     3
       Brothers in Arms  |       |       |     1 ||     1
  Use: Potion            |       |       |     4 ||     4
  Eat: Bread ration      |       |       |     1 ||     1
       Meat ration       |       |       |     1 ||     1
Armor: Leather armour    |       |     1 |    27 ||    28
       Animal skin       |       |     1 |       ||     1
Dodge: Dodged            |    11 |     7 |    53 ||    71
